 Dungeon Crawl Stone Soup version 0.24.0-123-gd5b16e6ec5 (webtiles) character file.

Game seed: 9278348424498744164, levelgen mode: deterministic

5097 Peloso the Carver (level 10, -2/90 HPs)
             Began as a Minotaur Fighter on Feb 11, 2020.
             Was a Believer of Okawaru.
             Succumbed to a queen ant's poison
             ... on level 8 of the Dungeon.
             The game lasted 00:14:59 (8392 turns).

Peloso the Carver (Minotaur Fighter)                Turns: 8392, Time: 00:15:00

Health: -2/90      AC: 17    Str: 22    XL:     10   Next: 32%
Magic:  1/9        EV:  7    Int:  5    God:    Okawaru [**....]
Gold:   433        SH: 12    Dex: 12    Spells: 9/9 levels left

rFire    . . .     SeeInvis .   a - +0 long sword
rCold    . . .     Gourm    .   c - +0 shield
rNeg     . . .     Faith    .   x - +0 plate armour
rPois    .         Spirit   +   (helmet restricted)
rElec    .         Reflect  .   A - scarf {Spirit}
rCorr    .         Harm     .   B - +1 pair of gloves
MR       .....                  m - +0 pair of boots
Stlth    ..........             (no amulet)
HPRegen  0.25/turn              s - ring of stealth
MPRegen  0.11/turn              z - ring of flight

@: lethally poisoned (-2 -> -89)
A: retaliatory headbutt, horns 2
a: Heroism, Renounce Religion, Evoke Flight


You were on level 8 of the Dungeon.
You worshipped Okawaru.
Okawaru was pleased with you.
You were not hungry.

You visited 2 branches of the dungeon, and saw 9 of its levels.

You collected 433 gold pieces.

Inventory:

Hand Weapons
 a - a +0 long sword (weapon)
Armour
 b - a +0 chain mail
 c - a +0 shield (worn)
 m - a +0 pair of boots (worn)
 x - a +0 plate armour (worn)
 A - a scarf of spirit shield (worn)
 B - a +1 pair of gloves (worn)
Jewellery
 s - a ring of stealth (left hand)
 z - a ring of flight (right hand)
Wands
 j - a wand of flame (18)
 l - a wand of acid (10)
 D - a wand of polymorph (9)
Scrolls
 e - 3 scrolls of random uselessness {unknown}
 g - 10 scrolls of remove curse
 i - 6 scrolls of teleportation {unknown}
 k - a scroll of enchant weapon
 p - a scroll of noise
 t - 3 scrolls of fog {unknown}
 u - a scroll of amnesia
 v - 2 scrolls of magic mapping {unknown}
 w - 3 scrolls of fear {unknown}
 y - a scroll of immolation {unknown}
 E - a scroll of blinking {unknown}
Potions
 d - a potion of brilliance
 h - 3 potions of flight
 n - a potion of mutation
 q - a potion of cancellation
 r - a potion of magic {unknown}
 C - a potion of lignification {unknown}
Comestibles
 f - 20 rations


   Skills:
 + Level 8.4 Fighting
 + Level 11.1 Long Blades
 + Level 8.5 Armour
 + Level 2.6 Dodging
 + Level 1.0 Stealth
 + Level 9.9 Shields
 + Level 0.3 Invocations


You had 9 spell levels left.
You didn't know any spells.
Your spell library was empty.

Dungeon Overview and Level Annotations

Branches:
Dungeon (8/15)             Temple (1/1) D:7
   Lair: D:8-11

Altars:
Dithmenos
Elyvilon
Fedhas
Hepliaklqana
Kikubaaqudgha
Makhleb
Okawaru
Ru
Trog
Uskayaw
Vehumet
Wu Jian
Xom

Annotations:
D:5 2 transporters, Bluestream's ghost, novice MiBe


Innate Abilities, Weirdness & Mutations

You reflexively headbutt those who attack you in melee.
You have a pair of horns on your head.


Message History

The queen ant stings you!
You hit the queen ant but do no damage.
The queen ant is almost dead.
You feel like a meek peon again.
* * * LOW HITPOINT WARNING * * *
You feel very sick.
You hit the queen ant but do no damage. You headbutt the queen ant!
The queen ant is almost dead.
* * * LOW HITPOINT WARNING * * *
You feel extremely sick. You block the queen ant's attack.
You hit the queen ant.
You headbutt the queen ant, but do no damage.
The queen ant is almost dead.
* * * LOW HITPOINT WARNING * * *
You feel extremely sick. The queen ant stings you!
* * * LOW HITPOINT WARNING * * *
It was a potion of cancellation.
You feel magically purged.
You die...

.. ##.....##
#.##.......##
##.##a.........####
................##.
########...........
###........##.
###.............
####a...###........
#.@aa#####....##...
#.....?####
#....##... ....###
##....###.. .##
#....## ##. #....#
#. ###...## ##.
#.....# ##..
#.....## #...
#<.....###...


You could see a queen ant, a soldier ant and a worker ant.

Vanquished Creatures
  Pikel (D:4)
  2 hippogriffs
  13 soldier ants
  An orc warrior (D:8)
  A sky beast (D:6)
  A necrophage (D:6)
  3 ogres
  4 centaurs
  5 bullfrogs
  A water moccasin zombie (D:7)
  2 scorpions
  5 killer bees (D:8)
  3 howler monkeys
  2 crimson imps
  A hound (D:6)
  5 orc wizards
  2 quasits
  4 orc priests
  A gnoll shaman (D:4)
  Jessica (D:2)
  5 iguanas
  16 worker ants
  Robin (D:2)
  8 adders
  4 shadow imps
  2 oozes
  An adder zombie (D:6)
  An adder skeleton (D:6)
  5 worms
  A dart slug (D:2)
  4 leopard geckos
  15 orcs
  6 giant cockroaches
  15 goblins
  5 hobgoblins
  15 jackals
  3 kobolds
  2 quokkas
  2 ball pythons
  8 bats
  7 frilled lizards
  A giant cockroach zombie (D:6)
  A quokka skeleton (D:6)
  9 rats
195 creatures vanquished.

Notes
Turn   | Place    | Note
-------+----------+-------------------------------------------
     0 | D:1      | Peloso the Minotaur Fighter began the quest for the Orb.
     0 | D:1      | Reached XP level 1. HP: 19/19 MP: 0/0
    58 | D:1      | Reached XP level 2. HP: 18/27 MP: 1/1
   108 | D:1      | You fall into a shaft and drop 1 floor!
   180 | D:2      | Noticed Jessica
   205 | D:2      | Reached XP level 3. HP: 18/33 MP: 2/2
   209 | D:2      | Killed Jessica
   209 | D:2      | Reached skill level 3 in Long Blades
   850 | D:2      | Reached XP level 4. HP: 40/40 MP: 3/3
  1223 | D:2      | Noticed Robin
  1247 | D:2      | Killed Robin
  1475 | D:1      | Reached XP level 5. HP: 47/47 MP: 4/4
  2122 | D:1      | Reached skill level 1 in Dodging
  2482 | D:3      | Reached skill level 4 in Long Blades
  2896 | D:3      | Reached skill level 5 in Shields
  2968 | D:3      | Reached XP level 6. HP: 49/53 MP: 5/5
  3607 | D:4      | Reached skill level 5 in Long Blades
  3607 | D:4      | Reached skill level 5 in Armour
  3646 | D:4      | Reached skill level 5 in Fighting
  3849 | D:4      | Noticed Pikel
  3849 | D:4      | Noticed a slave
  3851 | D:4      | Noticed a slave
  3852 | D:4      | Noticed a slave
  3858 | D:4      | Noticed a slave
  3879 | D:4      | Killed Pikel
  3879 | D:4      | Reached skill level 6 in Long Blades
  3879 | D:4      | Reached XP level 7. HP: 39/62 MP: 6/6
  4071 | D:5      | Entered Level 5 of the Dungeon
  4092 | D:5      | Found a transporter.
  4096 | D:5      | Found a transporter.
  4096 | D:5      | Noticed Bluestream's ghost (novice MiBe)
  4148 | D:5      | Found a shadowy altar of Dithmenos.
  4666 | D:5      | Found a bloodstained altar of Trog.
  4673 | D:5      | Found an ornate altar of the Wu Jian Council.
  4676 | D:5      | Found a hazy altar of Hepliaklqana.
  4714 | D:5      | Found a shimmering altar of Xom.
  4718 | D:5      | Found a burning altar of Makhleb.
  4823 | D:5      | Reached skill level 7 in Long Blades
  4962 | D:6      | Reached XP level 8. HP: 56/70 MP: 7/7
  5246 | D:6      | Reached skill level 8 in Long Blades
  5436 | D:6      | Reached skill level 9 in Long Blades
  5630 | D:6      | Found a radiant altar of Vehumet.
  5840 | D:7      | Noticed a hippogriff
  5841 | D:7      | Found a staircase to the Ecumenical Temple.
  5849 | Temple   | Entered the Ecumenical Temple
  5857 | Temple   | Killed a hippogriff
  5857 | Temple   | Reached XP level 9. HP: 59/77 MP: 6/8
  5921 | Temple   | Became a worshipper of Warmaster Okawaru
  6314 | D:7      | Found a sacrificial altar of Ru.
  6698 | D:7      | Reached skill level 10 in Long Blades
  6977 | D:8      | Reached * piety under Okawaru
  7117 | D:8      | Reached skill level 1 in Stealth
  7385 | D:8      | Found a white marble altar of Elyvilon.
  7559 | D:8      | Found an ancient bone altar of Kikubaaqudgha.
  7705 | D:8      | Reached XP level 10. HP: 52/87 MP: 5/9
  7747 | D:8      | Reached ** piety under Okawaru
  7902 | D:8      | Reached skill level 11 in Long Blades
  8349 | D:8      | Noticed a queen ant
  8391 | D:8      | HP: 4/90 [queen ant (4)]
  8392 | D:8      | Succumbed to a queen ant's poison

Levels and vault maps discovered:
D:1:      dpeg_arrival_tiny_f, layout_basic
D:2:      layout_basic, uniq_jessica, uniq_robin
D:3:      layout_loops_cross
D:4:      layout_layer_cave, first_ration, hangedman_minor_gate_pass, uniq_pikel
D:5:      layout_loops_ring, minitemple, gammafunk_ghost_smash,
          hangedman_decor_growths, grunt_dithmenos_smoke
D:6:      minmay_bubble_buster, layout_basic, marbit_many_paths,
          corexii_item_surrounded_by_moat
D:7:      layout_loops_cross, nicolae_ru_the_path_less_chosen,
          minmay_temple_entry_arrows, chequers_serial_rivers_room_a
D:8:      layout_cave_pods, kiku_gazebo_garden_becter, lemuel_doored_altar,
          minivault_29
Temple:   nicolae_temple_figure_eight

Skill      XL: |  1  2  3  4  5  6  7  8  9 10 |
---------------+-------------------------------+-----
Shields        | 4 5 6 7 9 |  9.9
Armour         | 4 6 7 8 |  8.5
Fighting       | 4 5 6 8 |  8.4
Long Blades    | 3 4 6 7 9 10 11 | 11.1
Dodging        | 1 2 |  2.6
Stealth        | 1 |  1.0
Invocations    | |  0.3

Action                   |  1- 3 |  4- 6 |  7- 9 | 10-12 || total
-------------------------+-------+-------+-------+-------++-------
Melee: Long sword        |    70 |   195 |   339 |   154 ||   758
       Headbutt          |     6 |    28 |    80 |    40 ||   154
Invok: Heroism           |       |       |     2 |     7 ||     9
  Use: Scroll            |       |     1 |     7 |       ||     8
       Potion            |       |     1 |       |     4 ||     5
  Eat: Chunk             |       |    10 |    11 |     4 ||    25
Armor: Scale mail        |    31 |    48 |       |       ||    79
       Chain mail        |       |    35 |     6 |       ||    41
       Plate armour      |       |       |   199 |    53 ||   252
Dodge: Dodged            |    19 |    47 |    83 |    26 ||   175
Block: Shield            |    39 |   103 |   227 |    87 ||   456
       Rpst.: Long sword |     3 |    17 |    21 |     8 ||    49
